 Dungeon Crawl Stone Soup version 0.22-a0-458-gb446440 (webtiles) character file.

23817 4thArraOfDagon the Geomancer (level 11, -7/81 HPs)
             Began as a Deep Dwarf Earth Elementalist on June 8, 2018.
             Was the Champion of Jiyva.
             Mangled by a dream sheep (8 damage)
             ... on level 6 of the Lair of Beasts.
             The game lasted 00:32:47 (4620 turns).

4thArraOfDagon the Geomancer (DDEE)                 Turns: 4620, Time: 00:32:48

Health: -7/81      AC:  2    Str: 11    XL:     11   Next: 41%
Magic:  9/9        EV: 11    Int: 22    God:    Jiyva [******]
Gold:   274        SH:  0    Dex: 11    Spells: 11/24 levels left

rFire    + + +     SeeInvis +   u - +11 hand axe of Cobwebs {antimagic, rF+ rN+ SInv}
rCold    x . .     Gourm    +   (no shield)
rNeg     + + .     Faith    .   y - +0 ring mail (curse)
rPois    .         Spirit   .   (no helmet)
rElec    .         Reflect  .   (no cloak)
rCorr    +         Harm     .   (no gloves)
MR       ++...                  (no boots)
Stlth    ++........             r - amulet of Sevics {Gourm +Fly rF++ rC- rN+}
HPRegen  0.00/turn              g - ring of protection from magic
MPRegen  0.11/turn              A - ring of magical power

@: non-regenerating
A: damage resistance, heal wounds, sense surroundings 2, pseudopods 1,
translucent skin 1, tendrils, jelly absorbing missiles, no regeneration
}: 1/15 runes: slimy
a: Heal Wounds, Request Jelly, Slimify, Cure Bad Mutation, Renounce Religion,
Evoke Flight


You were on level 6 of the Lair of Beasts.
You worshipped Jiyva.
Jiyva was exalted by your worship.
You were very full.

You visited 4 branches of the dungeon, and saw 20 of its levels.

You collected 534 gold pieces.
You spent 260 gold pieces at shops.

Inventory:

Hand Weapons
 c - the +8 long sword "Niahi" {flame, +Fly}
   (You found it on level 8 of the Dungeon)

   It has been specially enchanted to burn those struck by it, causing extra
   injury to most foes and up to half again as much damage against particularly
   susceptible opponents.
   Big, fiery blades are also staple armaments of hydra-hunters.
   It lets you fly.
 o - the +7 arbalest of Bivaokan {velocity, rF+ Dex+2}
   (You found it on level 5 of the Pits of Slime)

   Any bolt fired from it inflicts extra damage.
   It affects your dexterity (+2).
   It protects you from fire.
 p - the +5 mace of the Snake Pit {holy, rElec}
   (You found it on level 6 of the Dungeon)

   It has been blessed by the Shining One to cause great damage to the undead
   and demons.
   It insulates you from electricity.
 s - the +5 quarterstaff of Uthryrghotz {freeze, *Noise rPois rF++}
   (You found it on level 5 of the Pits of Slime)

   It has been specially enchanted to freeze those struck by it, causing extra
   injury to most foes and up to half again as much damage against particularly
   susceptible opponents.
   It can also slow down cold-blooded creatures.
   It greatly protects you from fire.
   It protects you from poison.
   It may make noises in combat.
 t - a +1 hand axe of flaming
 u - the +11 hand axe of Cobwebs (weapon) {antimagic, rF+ rN+ SInv}
   (You found it on level 5 of the Pits of Slime)

   It reduces the magical energy of the wielder, and disrupts the spells and
   magical abilities of those hit.
   Natural abilities and divine invocations are not affected.
   It protects you from fire.
   It protects you from negative energy.
   It lets you see invisible.
 x - the +4 hand crossbow of Necom {flame, rF+}
   (You found it on level 2 of the Lair of Beasts)

   It causes projectiles fired from it to burn those they strike, causing extra
   injury to most foes and up to half again as much damage against particularly
   susceptible opponents.
   It protects you from fire.
 z - the +0 spear of Iwiptuh {flame, rPois rN+ Str+6 Stlth-}
   (You found it on level 5 of the Pits of Slime)

   It has been specially enchanted to burn those struck by it, causing extra
   injury to most foes and up to half again as much damage against particularly
   susceptible opponents.
   It affects your strength (+6).
   It protects you from poison.
   It protects you from negative energy.
   It makes you less stealthy.
Missiles
 b - 31 stones (quivered)
Armour
 y - a cursed +0 ring mail (worn)
Jewellery
 g - a ring of protection from magic (left hand)
 r - the amulet of Sevics (around neck) {Gourm +Fly rF++ rC- rN+}
   (You found it on level 5 of the Pits of Slime)

   [amulet of the gourmand]

   It allows you to eat raw meat even when not hungry.
   It greatly protects you from fire.
   It makes you vulnerable to cold.
   It protects you from negative energy.
   It lets you fly.
 w - an uncursed ring of wizardry
 A - a ring of magical power (right hand)
Wands
 j - a wand of paralysis (15)
 k - a wand of acid (7)
 v - a wand of clouds (6)
Scrolls
 f - 2 scrolls of identify
 h - 4 scrolls of teleportation
 i - 6 scrolls of remove curse
 m - a scroll of amnesia
 q - 2 scrolls of enchant armour
Potions
 a - 2 potions of ambrosia
 e - a potion of cancellation {unknown}
 l - a potion of curing
 n - 2 potions of mutation
Comestibles
 d - 19 rations


   Skills:
 * Level 11.6 Axes
 + Level 1.5 Armour
 + Level 2.8 Dodging
 - Level 2.4 Stealth
 + Level 7.2 Spellcasting
 - Level 0.8 Transmutations
 * Level 14.9 Earth Magic


You had 11 spell levels left.
You knew the following spells:

 Your Spells              Type           Power        Failure   Level  Hunger
a - Sandblast             Erth           ######       1%          1    None
b - Lee's Rapid Deconstr  Erth           ######....   1%          5    #####..
c - Petrify               Tmut/Erth      #####...     8%          4    ###....
d - Mephitic Cloud        Conj/Pois/Air  #.......     50%         3    None

Your spell library contained the following spells:

 Spells                   Type           Power        Failure   Level  Hunger
 Magic Dart               Conj           #...         19%         1    None
 Conjure Flame            Conj/Fire      #.......     50%         3    None
 Slow                     Hex            #.......     28%         2    None
 Death's Door             Chrm/Necr      #.........   100%        8    #######
 Blink                    Tloc           N/A          28%         2    None
 Haunt                    Necr/Summ      #.........   100%        7    #######
 Borgnjor's Revivificati  Necr           #.........   100%        8    #######
 Call Imp                 Summ           #.......     28%         2    None
 Stone Arrow              Conj/Erth      #####.       2%          3    None
 Necromutation            Tmut/Necr      #.........   100%        8    #######
 Passwall                 Tmut/Erth      #####...     1%          2    None
 Infestation              Necr           #.........   100%        8    #######


Dungeon Overview and Level Annotations

Branches:
Dungeon (8/15)             Temple (1/1) D:6            Lair (6/6) D:8
 Spider (0/4) Lair:4        Slime (5/5) Lair:5
  Swamp: Lair:2-4    Shoals: Lair:2-4

Altars:
Ashenzari
Cheibriados
Dithmenos
Fedhas
Gozag
Hepliaklqana
Kikubaaqudgha
Makhleb
Nemelex Xobeh
Okawaru
Ru
Sif Muna
Trog
Uskayaw
Vehumet
Wu Jian
Xom
Zin
The Shining One
Jiyva

Shops:
D:7 *

Annotations:
Lair:3 kirsanium's ghost, journeyman DsMo
Lair:4 SIPDER, kirsanium's ghost, journeyman DDFi
Slime:5 Royal Jelly


Innate Abilities, Weirdness & Mutations

You are resistant to damage.
You can heal yourself by infusing magical energy.
You passively map the area around you.
You do not regenerate.
Armour fits poorly on your pseudopods.
Your translucent skin slightly reduces your foes' accuracy. (Stealth)
You are covered in slimy tendrils that may disarm your opponents.
You have a small jelly attached to you that may absorb incoming projectiles.


Message History

You completely miss the dream sheep.
The dream sheep is almost dead.
You slash the dream sheep! You barely miss the dream sheep.
You slash the dream sheep! The dream sheep bites you.
The dream sheep bites you!
* * * LOW HITPOINT WARNING * * *
The dream sheep bites you!
* * * LOW HITPOINT WARNING * * *
The dream sheep bites you!
* * * LOW HITPOINT WARNING * * *
Unknown command.
You hit the dream sheep.
You kill the dream sheep!
You hit the dream sheep but do no damage.
You slash the dream sheep!
You kill the dream sheep!
You barely miss the dream sheep. The dream sheep bites you!
* * * LOW HITPOINT WARNING * * *
The dream sheep bites you!
You die...

## ##.### * *
####....P#. *
#.......... *
###.......... *
##.....Y.....#
*
#.#.<.@YY....#
*
##....Y....#.#
#............#
, ,
##..........##
*#............*
, *
..............
* ,
#$.............
* , ,,
#P.PP..........
P.........PP..
**


You could see 4 dream sheep.

Vanquished Creatures
  3 hydras
  A lindwurm (Lair:5)
  A black mamba (Lair:5)
  2 elephants (Lair:5)
  2 spiny frogs
  2 rime drakes
  A komodo dragon (Lair:4)
  3 dream sheep (Lair:6)
  A hippogriff (Lair:5)
  2 wyverns (D:8)
  3 yaks (Lair:5)
  2 basilisks
  5 water moccasins
  5 porcupines
  2 sky beasts
  A swamp drake (D:8)
  An orc warrior (D:8)
  3 ogres
  A phantom (D:6)
  A necrophage (D:7)
  3 wolves (Lair:4)
  A centaur (D:8)
  4 crocodiles
  10 bullfrogs
  2 scorpions
  10 killer bees
  A centaur zombie (D:6)
  A crimson imp (D:5)
  2 jellies
  An orc priest (D:4)
  A centaur skeleton (D:6)
  3 hounds
  4 bullfrog skeletons
  5 orc wizards
  Terence (D:2)
  5 worker ants
  A hound skeleton (D:5)
  7 adders
  3 shadow imps (D:7)
  An ooze (D:5)
  An adder zombie (D:7)
  4 leopard geckos
  31 orcs
  7 bats
  3 giant cockroaches
  3 goblins
  2 hobgoblins
  8 jackals
  4 quokkas
  2 frilled lizards
  3 kobolds
  A leopard gecko skeleton (D:4)
  2 quokka skeletons (D:4)
  8 rats
  A plant (Lair:5)
188 creatures vanquished.

Vanquished Creatures (others)
  7 acid blobs
  2 azure jellies (Slime:5)
  A death ooze (Slime:5)
  3 great orbs of eyes (Slime:5)
  27 slime creatures
  A hungry ghost (D:8)
  A water moccasin (Lair:5)
  A crocodile (Lair:5)
  2 bullfrogs (Lair:5)
  A killer bee (D:8)
  A hound (D:8)
  22 jellies
  An orc wizard (D:6)
  A worker ant (D:8)
  2 adders
  A howler monkey skeleton (D:8)
  A leopard gecko (D:6)
  An orc (D:6)
  2 fungi
  5 plants (Lair:5)
83 creatures vanquished.

Grand Total: 271 creatures vanquished

Notes
Turn   | Place    | Note
-------+----------+-------------------------------------------
     0 | D:1      | 4thArraOfDagon the Deep Dwarf Earth Elementalist began the quest for the Orb.
     0 | D:1      | Reached XP level 1. HP: 15/15 MP: 3/3
   143 | D:2      | Reached XP level 2. HP: 11/22 MP: 0/5
   187 | D:3      | Reached skill level 5 in Earth Magic
   270 | D:3      | Reached XP level 3. HP: 12/28 MP: 0/5
   304 | D:4      | Noticed an ogre
   322 | D:4      | Killed an ogre
   322 | D:4      | Reached skill level 6 in Earth Magic
   322 | D:4      | Reached XP level 4. HP: 15/36 MP: 2/7
   322 | D:4      | Reached XP level 5. HP: 18/42 MP: 2/8
   329 | D:4      | Learned a level 5 spell: Lee's Rapid Deconstruction
   391 | D:4      | Reached skill level 7 in Earth Magic
   436 | D:4      | Found a shimmering altar of Xom.
   601 | D:5      | Entered Level 5 of the Dungeon
   612 | D:5      | Reached skill level 1 in Axes
   614 | D:5      | Reached XP level 6. HP: 11/49 MP: 1/9
   765 | D:6      | Reached skill level 8 in Earth Magic
   789 | D:6      | HP: 2/49 [phantom (7)]
   802 | D:6      | Reached XP level 7. HP: 29/55 MP: 2/11
   824 | D:6      | Got a faintly glowing mace
   825 | D:6      | Identified the +5 mace of the Snake Pit {holy, rElec} (You found it on level 6 of the Dungeon)
  1003 | D:7      | Reached skill level 9 in Earth Magic
  1204 | D:6      | Found a staircase to the Ecumenical Temple.
  1210 | Temple   | Entered the Ecumenical Temple
  1254 | Temple   | Became a worshipper of Jiyva Jexaten the Shapeless
  1304 | D:7      | Found Peic's General Store.
  1429 | D:4      | Reached XP level 8. HP: 25/61 MP: 2/13
  1607 | D:2      | Found an ornate altar of the Wu Jian Council.
  1610 | D:2      | Found an iron altar of Okawaru.
  1612 | D:2      | Found a burning altar of Makhleb.
  1612 | D:2      | Found a hazy altar of Hepliaklqana.
  1614 | D:2      | Found a sparkling altar of Nemelex Xobeh.
  1614 | D:2      | Found a shattered altar of Ashenzari.
  1615 | D:2      | Found an ancient bone altar of Kikubaaqudgha.
  1754 | D:2      | Reached skill level 5 in Axes
  1787 | D:2      | Noticed Terence
  1795 | D:2      | Killed Terence
  1835 | D:2      | Reached * piety under Jiyva
  2083 | D:5      | Reached ** piety under Jiyva
  2346 | D:6      | Reached skill level 10 in Earth Magic
  2438 | D:7      | Bought a wand of paralysis (18) for 260 gold pieces
  2649 | D:8      | Reached *** piety under Jiyva
  2653 | D:8      | Reached skill level 11 in Earth Magic
  2656 | D:8      | Gained mutation: You passively map the area around you. [Deep Dwarf growth]
  2656 | D:8      | Reached XP level 9. HP: 14/68 MP: 4/15
  2656 | D:8      | Reached skill level 5 in Spellcasting
  2700 | D:8      | Gained mutation: Your translucent skin slightly reduces your foes' accuracy. (Stealth) [Jiyva's grace]
  2736 | D:8      | Reached **** piety under Jiyva
  2853 | D:8      | Got a twisted long sword
  2911 | D:8      | Gained mutation: Your body has grown golden eyes which may confuse attackers. (Acc +3) [Jiyva's grace]
  2935 | D:8      | Torious: eyeballs mut = ??
  2958 | D:8      | 4thArraOfDagon: accuracy lol
  2958 | D:8      | Torious: cool
  2958 | D:8      | 4thArraOfDagon: :D
  2960 | D:8      | 4thArraOfDagon: ??eyeballs
  2960 | D:8      | XtahuaRules: eyeballs[1/1]: 2 * mutation level + 1 accuracy in melee; level 3 grants SInv. When hit in melee, mutation level in 20 chance of attempting a mutation level * 30 power enchantment against the monster's MR. If successful, the monster is confused for 2 + d9 turns.
  2967 | D:8      | 4thArraOfDagon: some mr checks
  2976 | D:8      | Found a staircase to the Lair.
  3016 | Lair:1   | Entered Level 1 of the Lair of Beasts
  3029 | Lair:1   | Identified the +8 long sword "Niahi" {flame, +Fly} (You found it on level 8 of the Dungeon)
  3063 | Lair:1   | Learned a level 4 spell: Petrify
  3067 | Lair:1   | Learned a level 3 spell: Mephitic Cloud
  3093 | Lair:1   | Noticed a rime drake
  3099 | Lair:1   | Killed a rime drake
  3099 | Lair:1   | Reached skill level 12 in Earth Magic
  3119 | Lair:1   | Noticed a spiny frog
  3120 | Lair:1   | Noticed a spiny frog
  3214 | Lair:2   | Got a pitted hand crossbow
  3261 | Lair:3   | Identified the +4 hand crossbow of Necom {flame, rF+} (You found it on level 2 of the Lair of Beasts)
  3302 | Lair:3   | Noticed kirsanium's ghost (journeyman DsMo)
  3315 | Lair:3   | Noticed a spiny frog
  3345 | Lair:3   | Noticed a spiny frog
  3350 | Lair:3   | Killed a spiny frog
  3456 | Lair:4   | Reached XP level 10. HP: 10/75 MP: 17/17
  3503 | Lair:5   | Noticed an elephant
  3503 | Lair:5   | Noticed an elephant
  3504 | Lair:5   | Noticed an elephant
  3535 | Lair:4   | Reached ***** piety under Jiyva
  3550 | Lair:4   | 4thArraOfDagon: it doesn't heal anymore?
  3574 | Lair:4   | Noticed a seven-headed hydra
  3576 | Lair:4   | Torious: :/
  3590 | Lair:5   | Noticed a four-headed hydra
  3594 | Lair:5   | Killed a four-headed hydra
  3594 | Lair:5   | Reached skill level 13 in Earth Magic
  3595 | Lair:5   | Noticed a black mamba
  3596 | Lair:5   | Noticed a spiny frog
  3626 | Lair:5   | Noticed a black mamba
  3629 | Lair:5   | Killed a black mamba
  3629 | Lair:5   | Reached skill level 10 in Axes
  3734 | Lair:5   | Gained mutation: You have a small jelly attached to you that may absorb incoming projectiles. [Jiyva's grace]
  3830 | Lair:5   | Found a staircase to the Slime Pits.
  3835 | Lair:5   | Found a viscous altar of Jiyva.
  3843 | Lair:5   | Noticed an eight-headed hydra
  3844 | Slime:1  | Entered Level 1 of the Pits of Slime
  3844 | Slime:1  | Noticed an azure jelly
  3844 | Slime:1  | Noticed a shining eye
  3844 | Slime:1  | Noticed an acid blob
  3849 | Slime:1  | Noticed an acid blob
  3852 | Slime:1  | Noticed an acid blob
  3857 | Slime:2  | Noticed an acid blob
  3863 | Slime:2  | Noticed an acid blob
  3865 | Slime:2  | Noticed an acid blob
  3869 | Slime:3  | Noticed an acid blob
  3872 | Slime:3  | Noticed an acid blob
  3875 | Slime:4  | Noticed a great orb of eyes
  3877 | Slime:4  | Noticed an acid blob
  3881 | Slime:5  | Entered Level 5 of the Pits of Slime
  3884 | Slime:5  | Noticed a great orb of eyes
  3885 | Slime:5  | Noticed an acid blob
  3894 | Slime:5  | Found a viscous altar of Jiyva.
  3894 | Slime:5  | Noticed an acid blob
  3894 | Slime:5  | Noticed an azure jelly
  3894 | Slime:5  | Noticed a great orb of eyes
  3894 | Slime:5  | Noticed an acid blob
  3894 | Slime:5  | Noticed the Royal Jelly
  3895 | Slime:5  | Noticed a great orb of eyes
  3896 | Slime:5  | Noticed a shining eye
  3896 | Slime:5  | Noticed a death ooze
  3899 | Slime:5  | Noticed an acid blob
  3909 | Slime:5  | Noticed an acid blob
  3909 | Slime:5  | Noticed an acid blob
  3909 | Slime:5  | Killed an acid blob
  3912 | Slime:5  | Noticed an azure jelly
  3916 | Slime:5  | Noticed an acid blob
  3936 | Slime:5  | Killed an azure jelly
  3937 | Slime:5  | Killed a death ooze
  3944 | Slime:5  | Killed a great orb of eyes
  3952 | Slime:4  | Torious: how you get in there?
  3961 | Slime:3  | Noticed a great orb of eyes
  3978 | Slime:1  | 4thArraOfDagon: max piety
  3980 | Slime:1  | Noticed an azure jelly
  3982 | Slime:1  | Torious: ok
  4001 | Lair:5   | Killed an eight-headed hydra
  4001 | Lair:5   | Reached skill level 14 in Earth Magic
  4012 | Lair:5   | HP: 3/75 [hippogriff (4)]
  4012 | Lair:5   | HP: 1/75 [hippogriff (2)]
  4019 | Lair:5   | Lost mutation: Your body has grown golden eyes which may confuse attackers. (Acc +3) [Jiyva's grace]
  4105 | Lair:4   | Reached XP level 11. HP: 51/81 MP: 18/20
  4107 | Lair:4   | Noticed kirsanium's ghost (journeyman DDFi)
  4187 | Lair:4   | Reached ****** piety under Jiyva
  4198 | Lair:4   | Killed a seven-headed hydra
  4236 | Lair:4   | Found a hole to the Spider Nest.
  4261 | Lair:4   | magipi: max
  4320 | Slime:2  | Killed an acid blob
  4340 | Slime:5  | Killed an acid blob
  4341 | Slime:5  | Gained mutation: You are covered in slimy tendrils that may disarm your opponents. [Jiyva's grace]
  4342 | Slime:5  | Killed a great orb of eyes
  4343 | Slime:5  | Killed an acid blob
  4345 | Slime:5  | Killed an acid blob
  4347 | Slime:5  | Gained mutation: Your flesh is heat resistant. (rF+) [Jiyva's grace]
  4360 | Slime:5  | Lost mutation: Your flesh is heat resistant. (rF+) [Jiyva's grace]
  4366 | Slime:5  | Killed an azure jelly
  4373 | Slime:5  | Got a translucent arbalest
  4382 | Slime:5  | Killed a great orb of eyes
  4383 | Slime:5  | Got a crude garnet amulet
  4385 | Slime:5  | Got a pitted quarterstaff
  4395 | Slime:5  | Got a slimy rune of Zot
  4398 | Slime:5  | Got a crude hand axe
  4407 | Slime:5  | 4thArraOfDagon: they have eaten my statue form
  4412 | Slime:5  | Got a slimy spear
  4413 | Slime:5  | ctrl q
  4413 | Slime:5  | Identified the +0 spear of Iwiptuh {flame, rPois rN+ Str+6 Stlth-} (You found it on level 5 of the Pits of Slime)
  4414 | Slime:5  | Identified the +11 hand axe of Cobwebs {antimagic, rF+ rN+ SInv} (You found it on level 5 of the Pits of Slime)
  4415 | Slime:5  | Identified the +5 quarterstaff of Uthryrghotz {freeze, *Noise rPois rF++} (You found it on level 5 of the Pits of Slime)
  4416 | Slime:5  | Identified the +7 arbalest of Bivaokan {velocity, rF+ Dex+2} (You found it on level 5 of the Pits of Slime)
  4421 | Slime:5  | Identified the amulet of Sevics {Gourm +Fly rF++ rC- rN+} (You found it on level 5 of the Pits of Slime)
  4424 | Slime:5  | Killed an acid blob
  4426 | Slime:5  | Killed an acid blob
  4484 | Lair:5   | magipi: this run has really crappy loot
  4498 | Lair:5   | 4thArraOfDagon: cant kill anything
  4516 | Lair:5   | Noticed a lindwurm
  4527 | Lair:5   | HP: 4/81 [elephant (4)]
  4544 | Lair:5   | Killed a lindwurm
  4544 | Lair:5   | Reached skill level 1 in Armour
  4560 | Lair:5   | Gained mutation: Armour fits poorly on your pseudopods. [Jiyva's grace]
  4593 | Lair:6   | Entered Level 6 of the Lair of Beasts
  4620 | Lair:6   | HP: 1/81 [dream sheep (8)]
  4620 | Lair:6   | Mangled by a dream sheep

Vault maps used:
D:1:      dpeg_arrival_signposts, minmay_strange_pillars, minivault_14,
          kennysheep_boxes
D:2:      cheibrodos_helix_gallery, grunt_temple_overflow_open,
          nicolae_qazlal_general_emergency, corexii_item_surrounded_by_moat,
          minmay_strange_pillars, uniq_terence
D:3:      first_ration
D:4:      kennysheep_mini_moat
D:5:      kennysheep_ying_yang, kennysheep_donut, grunt_ministairs_13
D:6:      minmay_temple_entry_enclosed_plants
D:7:      serial_shops, shop
D:8:      erik_lair_dragon
Temple:   pf_slimified_temple
Lair:1:   serial_bayou_crossing, grunt_megastairs_5
Lair:2:   swamp_mist, roderic_batcave, lemuel_fruit_fields
Lair:3:   nicolae_volcano_entry_vermiform, infiniplex_staircase_pool
Lair:4:   spider_nest_entry_web_field, nicolae_quartered_pool_little,
          eino_small_chamber_without_monster, grunt_megastairs_2
Lair:5:   cheibrodos_lair_overgrown_chateau, slime_altar_1, lemuel_fruit_fields
Lair:6:   minmay_lair_end_frog_pond, uniq_rupert
Slime:1:  cheibrodos_slime_lost_civilization_5

Skill      XL: |  1  2  3  4  5  6  7  8  9 10 11 |
---------------+----------------------------------+-----
Spellcasting   | 2 3 4 5 6 7 |  7.2
Earth Magic    | 5 6 7 8 9 11 12 14 | 14.9
Axes           | 1 3 4 7 9 11 | 11.6
Armour         | 1 |  1.5
Dodging        | |  2.8
Stealth        | |  2.4
Transmutations | |  0.8

Action                   |  1- 3 |  4- 6 |  7- 9 | 10-12 || total
-------------------------+-------+-------+-------+-------++-------
Melee: Unarmed           |     3 |       |       |       ||     3
       Flail             |    34 |    10 |       |       ||    44
       War axe           |       |    13 |       |       ||    13
       Mace              |       |       |    63 |       ||    63
       Hand axe          |       |       |    51 |    32 ||    83
       Pseudopods        |       |       |       |     2 ||     2
 Cast: Sandblast         |    24 |    42 |    56 |    40 ||   162
       Lee's Rapid Decon |       |       |    21 |    23 ||    44
Invok: Request Jelly     |       |       |     6 |     3 ||     9
 Abil: Heal Wounds       |     1 |     1 |     3 |     5 ||    10
Evoke: Wand              |       |       |     9 |       ||     9
  Use: Scroll            |       |     1 |    11 |     6 ||    18
       Potion            |       |       |     3 |     2 ||     5
 Stab: Sleeping          |       |     1 |     1 |       ||     2
  Eat: Chunk             |       |       |    10 |       ||    10
Armor: Robe              |    22 |     2 |       |       ||    24
       Ring mail         |       |     4 |    62 |    19 ||    85
Dodge: Dodged            |    88 |    34 |   101 |    50 ||   273

Table legend:
 A = Spawn XP
 B = Non-spawn XP
 C = Spawn XP percentage of total XP
 D = Spawn monster count
 E = Non-spawn monster count
 F = Spawn count percentage of total count
 G = Total turns spent on level
                    A         B        C        D         E        F      G
               +---------+---------+-------+---------+---------+-------+---------
         Total |       0 |   15454 |   0.0 |       0 |     187 |   0.0 |  4620
               +---------+---------+-------+---------+---------+-------+---------
           D:1 |       0 |      12 |   0.0 |       0 |       7 |   0.0 |   164
           D:2 |       0 |      94 |   0.0 |       0 |      23 |   0.0 |   296
           D:3 |       0 |      76 |   0.0 |       0 |      13 |   0.0 |   207
           D:4 |       0 |     436 |   0.0 |       0 |      24 |   0.0 |   482
           D:5 |       0 |     331 |   0.0 |       0 |      19 |   0.0 |   423
           D:6 |       0 |     377 |   0.0 |       0 |      15 |   0.0 |   550
           D:7 |       0 |     856 |   0.0 |       0 |      20 |   0.0 |   299
           D:8 |       0 |    1737 |   0.0 |       0 |      21 |   0.0 |   532
        Lair:1 |       0 |     604 |   0.0 |       0 |       3 |   0.0 |   111
        Lair:3 |       0 |     772 |   0.0 |       0 |       4 |   0.0 |   301
        Lair:4 |       0 |    3150 |   0.0 |       0 |      16 |   0.0 |   257
        Lair:5 |       0 |    6226 |   0.0 |       0 |      19 |   0.0 |   529
        Lair:6 |       0 |     783 |   0.0 |       0 |       3 |   0.0 |    23
               +---------+---------+-------+---------+---------+-------+---------
